 Dungeon Crawl Stone Soup version 0.29-a0-344-ge2f44be95a (webtiles) character file.

Game seed: 11491447622296148459

7876 Querens the Thaumaturge (level 11, 0/54 HPs)
             Began as a Deep Elf Conjurer on Apr 22, 2022.
             Was an Elder of Vehumet.
             Killed from afar by a gargoyle (23 damage)
             ... with a stone arrow
             ... on level 10 of the Dungeon.
             The game lasted 00:37:17 (6099 turns).

Querens the Thaumaturge (Deep Elf Conjurer)         Turns: 6099, Time: 00:37:17

Health: 0/54       AC:  7    Str:  4    XL:     11   Next: 2%
Magic:  15/29      EV: 11    Int: 28    God:    Vehumet [****..]
Gold:   461        SH:  5    Dex: 13    Spells: 24/35 levels left

rFire   + + .      SeeInvis .   J - +7 rapier of the Undead {venom, rPois rF+ rC+}
rCold   + + .      Faith    .   F - +0 buckler {rF+}
rNeg    . . .      Spirit   .   D - +3 leather armour "Fishror" {rElec Will+}
rPois   +          Reflect  .   (no helmet)
rElec   +          Harm     .   (no cloak)
rCorr   .          Rampage  .   (no gloves)
Will    ++...                   t - +0 pair of boots
Stlth   ++........              (no amulet)
HPRegen 0.18/turn               v - ring of protection from cold
MPRegen 0.21/turn               (no ring)

@: no status effects
A: no striking features
a: Renounce Religion


You were on level 10 of the Dungeon.
You worshipped Vehumet.
Vehumet was greatly pleased with you.
You visited 2 branches of the dungeon, and saw 11 of its levels.
You also visited: Sewer.

You collected 461 gold pieces.

Inventory:

Hand Weapons
 J - the +7 rapier of the Undead (weapon) {venom, rPois rF+ rC+}
   (You took it off a deep elf pyromancer on level 9 of the Dungeon)

   It poisons the flesh of those it strikes.
   rF:        It protects you from fire.
   rC:        It protects you from cold.
   rPois:     It protects you from poison.
Missiles
 c - a curare-tipped dart
 E - 2 throwing nets
Armour
 t - a +0 pair of boots (worn)
 D - the +3 leather armour "Fishror" (worn) {rElec Will+}
   (You found it on level 9 of the Dungeon)

   rElec:     It insulates you from electricity.
   Will:      It increases your willpower.
 F - a +0 buckler of fire resistance (worn)
Jewellery
 v - a ring of protection from cold (left hand)
 H - a ring of ice
Wands
 d - a wand of iceblast (2)
 s - a wand of paralysis (2)
 y - a wand of polymorph (17)
Scrolls
 b - 2 scrolls of fog
 e - a scroll of brand weapon {unknown}
 h - a scroll of magic mapping {unknown}
 i - 6 scrolls of teleportation
 j - 4 scrolls of blinking
 k - 4 scrolls of amnesia
 l - a scroll of immolation {unknown}
 m - 2 scrolls of torment {unknown}
 n - 2 scrolls of silence {unknown}
 o - a scroll of fear {unknown}
 r - 2 scrolls of holy word {unknown}
 u - a scroll of enchant armour {unknown}
 w - 2 scrolls of noise {unknown}
 G - a scroll of acquirement {unknown}
Potions
 f - 3 potions of haste
 g - a potion of attraction {unknown}
 p - a potion of resistance {unknown}
 q - a potion of mutation {unknown}
 x - a potion of lignification
 z - 4 potions of might
 A - 2 potions of cancellation
 B - 2 potions of brilliance
 C - a potion of flight {unknown}
Miscellaneous
 a - a condenser vane


   Skills:
 - Level 2.4 Dodging
 - Level 2.4 Stealth
 + Level 4.7 Shields
 + Level 12.6 Spellcasting
 + Level 11.3 Conjurations
 + Level 9.5 Translocations


You had 24 spell levels left.
You knew the following spells:

 Your Spells              Type           Power      Damage    Failure   Level
a - Magic Dart            Conj           100%       1d8       1%          1
b - Searing Ray           Conj           100%       2d8       1%          2
c - Iskenderun's Mystic   Conj/Tloc      66%        2d14      1%          4
d - Fulminant Prism       Conj/Hex       24%        3d13      1%          4

Your spell library contained the following spells:

 Spells                   Type           Power      Damage    Failure   Level
 Ignite Poison            Fire/Tmut/Pois 17%        N/A       6%          3
 Dazzling Flash           Conj/Hex       98%        N/A       1%          3
 Hailstorm                Conj/Ice       49%        3d11      1%          4
 Freeze                   Ice            68%        1d8       2%          1
 Poisonous Vapours        Pois/Air       34%        N/A       3%          2
 Frozen Ramparts          Ice            34%        1d5       6%          3
 Slow                     Hex            68%        N/A       8%          1
 Sting                    Tmut/Pois      68%        1d6       8%          1
 Olgreb's Toxic Radiance  Pois           17%        N/A       19%         4
 Confusing Touch          Hex            17%        N/A       22%         3
 Vampiric Draining        Necr           17%        2d7       22%         3
 Animate Dead             Necr           8%         N/A       58%         4
 Haunt                    Necr/Summ      8%         N/A       100%        7
 Infestation              Necr           8%         N/A       100%        8


Dungeon Overview and Level Annotations

Branches:
Dungeon (10/15)            Temple (1/1) D:4           Sewer (visited)
   Lair: D:8-11         Orc: D:9-12

Altars:
Ashenzari
Cheibriados
Hepliaklqana
Makhleb
Nemelex Xobeh
Okawaru
Ru
Vehumet
Xom
The Shining One

Shops:
D:6 [


Message History

Casting: Iskenderun's Mystic Blast (safe; 1% risk of failure)
Confirm with . or Enter, or press ? or * to list all spells.
You erupt in a blast of force!
The mystic blast hits the hornet.
The hornet is lightly wounded.
The hornet is knocked back by the mystic blast.
You hear two shouts!
Unknown command.
Unknown command.
Casting: Iskenderun's Mystic Blast (safe; 1% risk of failure)
Confirm with . or Enter, or press ? or * to list all spells.
You erupt in a blast of force!
The mystic blast hits the hornet.
The hornet is lightly wounded.
The hornet is knocked back by the mystic blast.
Unknown command.
Unknown command.
A gargoyle comes into view. It is wielding a +3 mace.
Casting: Iskenderun's Mystic Blast (safe; 1% risk of failure)
Confirm with . or Enter, or press ? or * to list all spells.
You erupt in a blast of force!
The mystic blast hits the hornet!
The hornet is severely wounded.
The hornet is knocked back by the mystic blast.
Unknown command.
Unknown command.
Casting: Iskenderun's Mystic Blast (safe; 1% risk of failure)
Confirm with . or Enter, or press ? or * to list all spells.
You erupt in a blast of force!
The mystic blast hits the hornet!
The hornet is almost dead.
The hornet is knocked back by the mystic blast.
The mystic blast hits the two-headed ogre!
The two-headed ogre is lightly wounded.
The two-headed ogre is knocked back by the mystic blast.
You hear a bellow! x2
The gargoyle hurls a stone arrow at you.
The stone arrow hits you!!
Unknown command.
Unknown command.
Unknown command.
The gargoyle hurls a stone arrow at you.
The stone arrow hits you!!
You die...

...
...................#.
.....................#
......................
...........<.........#
......................
#.....)............
##.................
##.....<..........
##...@.........!...
#......O...........
........y.............
.....$.9..............
......................
.........#............
........###..(.......O
>......## ##..........
....... ...


You could see a two-headed ogre, a hornet and a gargoyle.

Vanquished Creatures
  A hydra (D:9)
  A centaur warrior (D:9)
  A skeletal warrior (D:9)
  2 deep elf pyromancers (D:9)
  A manticore (D:9)
  A guardian serpent (D:5)
  Grinder (D:4)
  A hornet (D:8)
  2 shadows (D:9)
  A yak (D:9)
  A steam dragon (D:8)
  Menkaure (D:4)
  An acid dragon (D:9)
  A sky beast (D:5)
  3 orc warriors (D:9)
  A black bear (D:7)
  An ogre (D:7)
  4 centaurs
  2 phantoms (D:5)
  3 kobold brigands
  3 bullfrogs
  2 gnoll sergeants
  A necrophage (D:5)
  6 scorpions
  6 killer bees (D:9)
  6 howler monkeys
  2 hounds
  2 jellies (D:7)
  5 orc priests
  Jessica (D:2)
  A gnoll shaman (D:5)
  5 iguanas
  10 orc wizards
  8 gnolls
  3 river rats
  6 adders
  A shadow imp (D:6)
  A white imp (D:6)
  4 worms
  3 dart slugs
  27 orcs
  13 ball pythons
  10 endoplasms
  4 giant cockroaches
  6 goblins
  5 hobgoblins
  5 quokkas
  7 bats
  4 frilled lizards
  20 kobolds
  5 rats
212 creatures vanquished.

Vanquished Creatures (others)
  10 fulminant prisms
10 creatures vanquished.

Grand Total: 222 creatures vanquished

Notes
Turn   | Place    | Note
-------+----------+-------------------------------------------
     0 | D:1      | Querens the Deep Elf Conjurer began the quest for the Orb.
     0 | D:1      | Reached XP level 1. HP: 10/10 MP: 6/6
   159 | D:1      | Reached XP level 2. HP: 15/15 MP: 2/8
   162 | D:1      | Learned a level 2 spell: Searing Ray
   189 | D:1      | Found a faded altar of an unknown god.
   718 | D:2      | Reached skill level 4 in Spellcasting
   722 | D:2      | Noticed Jessica
   754 | D:1      | Reached skill level 5 in Conjurations
   754 | D:1      | Reached XP level 3. HP: 7/19 MP: 2/10
   827 | D:2      | Killed Jessica
  1143 | D:2      | Reached XP level 4. HP: 24/24 MP: 7/12
  1514 | D:3      | Reached skill level 5 in Spellcasting
  1702 | D:3      | Reached XP level 5. HP: 21/28 MP: 4/15
  1921 | D:3      | Learned a level 4 spell: Iskenderun's Mystic Blast
  1926 | D:3      | Learned a level 4 spell: Fulminant Prism
  1985 | D:4      | Found a staircase to the Ecumenical Temple.
  1997 | Temple   | Entered the Ecumenical Temple
  2012 | Temple   | Became a worshipper of Vehumet
  2054 | D:4      | Reached skill level 1 in Translocations
  2211 | D:4      | Noticed Menkaure
  2219 | D:4      | Killed Menkaure
  2220 | D:4      | Reached skill level 6 in Spellcasting
  2220 | D:4      | Reached XP level 6. HP: 32/32 MP: 9/17
  2357 | D:4      | Found an iron altar of Okawaru.
  2454 | D:4      | Noticed Grinder
  2467 | D:4      | Killed Grinder
  2468 | D:4      | Reached skill level 7 in Spellcasting
  2468 | D:4      | Reached XP level 7. HP: 17/36 MP: 7/19
  2564 | D:5      | Entered Level 5 of the Dungeon
  2671 | D:5      | Reached * piety under Vehumet
  2671 | D:5      | Offered knowledge of Shock by Vehumet.
  2680 | D:5      | Found a glowing drain.
  2685 | Sewer    | Entered a sewer
  3008 | D:5      | Reached skill level 8 in Spellcasting
  3115 | D:5      | Reached XP level 8. HP: 26/41 MP: 13/22
  3198 | D:5      | Reached skill level 5 in Translocations
  3201 | D:5      | Reached ** piety under Vehumet
  3201 | D:5      | Offered knowledge of Scorch by Vehumet.
  3298 | D:5      | Noticed a two-headed ogre
  3336 | D:5      | Noticed a guardian serpent
  3336 | D:5      | a two-headed ogre changed into a guardian serpent
  3342 | D:5      | Killed a guardian serpent
  3343 | D:5      | Reached skill level 9 in Spellcasting
  3619 | D:6      | Reached XP level 9. HP: 39/45 MP: 21/24
  3743 | D:6      | Found Toku's Armour Boutique.
  4015 | D:6      | Found a shimmering altar of Xom.
  4015 | D:6      | Found a sparkling altar of Nemelex Xobeh.
  4289 | D:7      | Reached skill level 10 in Spellcasting
  4624 | D:7      | Found a burning altar of Makhleb.
  4924 | D:7      | Reached skill level 1 in Shields
  4984 | D:8      | Offered knowledge of Stone Arrow by Vehumet.
  5396 | D:9      | Reached *** piety under Vehumet
  5399 | D:9      | Reached skill level 11 in Spellcasting
  5399 | D:9      | Reached skill level 10 in Conjurations
  5408 | D:9      | Noticed a centaur warrior
  5411 | D:9      | Reached XP level 10. HP: 18/50 MP: 10/27
  5413 | D:9      | Offered knowledge of Ignite Poison by Vehumet.
  5415 | D:9      | Killed a centaur warrior
  5595 | D:9      | Noticed a five-headed hydra
  5644 | D:9      | Identified the +7 rapier of the Undead {venom, rPois rF+
                  | rC+}
  5644 | D:9      | Noticed a deep elf pyromancer
  5659 | D:9      | Killed a deep elf pyromancer
  5754 | D:9      | Noticed a manticore
  5769 | D:9      | Noticed a deep elf pyromancer
  5771 | D:9      | Killed a five-headed hydra
  5772 | D:9      | Reached skill level 12 in Spellcasting
  5782 | D:9      | Killed a deep elf pyromancer
  5801 | D:9      | Killed a manticore
  5920 | D:9      | Reached **** piety under Vehumet
  5960 | D:9      | Identified the +3 leather armour "Fishror" {rElec Will+}
  5963 | D:9      | Noticed a skeletal warrior
  5974 | D:9      | Killed a skeletal warrior
  5975 | D:9      | Reached XP level 11. HP: 35/54 MP: 13/29
  6041 | D:10     | Entered Level 10 of the Dungeon
  6079 | D:10     | Noticed a two-headed ogre
  6099 | D:10     | Killed from afar by a gargoyle

Illustrated notes

Levels and vault maps discovered:
D:1:      dpeg_arrival_short_road, layout_loops_ring, serial_aquarium,
          aquarium_bridge_long_joined [aquarium_subvault_bridge,
          aquarium_subvault_wall, aquarium_subvault_bridge,
          aquarium_subvault_bridge, aquarium_subvault_window,
          aquarium_subvault_bridge], aquarium_window_fake, aquarium_window_2,
          aquarium_view_2a, aquarium_view_4, basic_ecumenical_altar
D:2:      layout_loops_corners, uniq_jessica
D:3:      layout_loops_ring, nrook_campfire
D:4:      layout_loops_ring, okawaru_metal_pillars_3, minmay_temple_entry_tees,
          uniq_menkaure, uniq_grinder
D:5:      layout_cave_pools, gup_sewer_entry_bowl
D:6:      layout_gridville, gammafunk_temple_overflow_pools, serial_shops,
          nicolae_lakefront_shop
D:7:      layout_basic, lightli_temple_of_fire
D:8:      layout_layer_cave
D:9:      minmay_the_grid_triangle_9x9_recursive_2
          [minmay_the_grid_triangle_9x9_prize_schism,
          minmay_the_grid_triangle_9x9_sparse_checkered,
          minmay_the_grid_triangle_9x9_impossible_snake,
          minmay_the_grid_triangle_9x9_cache], layout_rooms
D:10:     layout_big_octagon, dpeg_lair_monsters, orc_david_3
Temple:   mainiacjoe_temple_coin_purse

Skill      XL: |  1  2  3  4  5  6  7  8  9 10 |
---------------+-------------------------------+-----
Spellcasting   | 4 5 6 7 8 9 11 12 | 12.6
Conjurations   | 5 6 7 9 10 11 | 11.3
Translocations | 2 3 4 6 8 9 |  9.5
Shields        | 2 4 |  4.7
Dodging        | |  2.4
Stealth        | |  2.4

Action                   |  1- 3 |  4- 6 |  7- 9 | 10-12 || total
-------------------------+-------+-------+-------+-------++-------
Melee: Unarmed           |     1 |     1 |       |       ||     2
       Hand axe          |       |    16 |    23 |       ||    39
       Punch             |       |     1 |       |       ||     1
       Rapier            |       |       |       |    18 ||    18
       Broad axe         |       |       |       |     4 ||     4
 Cast: Magic Dart        |    33 |    17 |    14 |     3 ||    67
       Searing Ray       |    13 |    27 |    59 |     5 ||   104
       Iskenderun's Myst |       |       |    37 |    17 ||    54
       Fulminant Prism   |       |       |     1 |     9 ||    10
Evoke: Wand              |       |       |     3 |    15 ||    18
  Use: Potion            |       |     2 |     6 |     1 ||     9
       Scroll            |       |       |     9 |       ||     9
 Stab: Sleeping          |       |     4 |       |       ||     4
       Paralysed         |       |       |       |     5 ||     5
       Distracted        |       |       |       |     1 ||     1
Armor: Robe              |     1 |     6 |    14 |     4 ||    25
       Skin              |       |       |     2 |     1 ||     3
       Leather armour    |       |       |       |     7 ||     7
Dodge: Dodged            |     5 |    14 |    48 |    27 ||    94
Block: Buckler           |       |       |    14 |    16 ||    30

Table legend: (Time is in decaauts)
 A = Elapsed time spent in this place.
 B = Non-inter-level travel time spent in this place.
 C = Inter-level travel time spent in this place.
 D = Time resting spent in this place.
 E = Time spent auto-exploring this place.
 F = Levels seen in this place.
 G = Mean time per level.
                   A        B        C        D        E       F      G
               +--------+--------+--------+--------+--------+-----+--------+
         Total |   6183 |   5454 |    729 |     67 |      0 |  12 |  515.2 |
       Dungeon |   5758 |   5041 |    717 |     67 |      0 |  10 |  575.8 |
        Temple |     28 |     16 |     12 |      0 |      0 |   1 |   28.0 |
         Sewer |    396 |    396 |      0 |      0 |      0 |   1 |  396.0 |
               +--------+--------+--------+--------+--------+-----+--------+

Top non-repeatable levels by time:
     D:1: 709 daAuts
     D:6: 706 daAuts
     D:7: 700 daAuts
     D:9: 698 daAuts
     D:2: 685 daAuts
     D:5: 655 daAuts
     D:3: 588 daAuts
     D:4: 587 daAuts
   Sewer: 396 daAuts
     D:8: 389 daAuts
    D:10: 36 daAuts
  Temple: 28 daAuts
